 Dungeon Crawl Stone Soup version 0.31.0-11-ge490571c62 (webtiles) character file.

Game seed: 1246878134686046163

49 ChickenMitten the Conjurer (level 3, 0/19 HPs)
             Began as a Gargoyle Conjurer on Feb 5, 2024.
             Slain by Robin
             ... wielding a +3 trident
              (6 damage)
             ... on level 2 of the Dungeon.
             The game lasted 00:04:21 (1507 turns).

ChickenMitten the Conjurer (Gargoyle Conjurer)      Turns: 1507, Time: 00:04:23

Health: 0/19       AC:  6    Str: 10    XL:     3   Next: 77%
Magic:  3/8        EV: 11    Int: 20    God:
Gold:   84         SH:  0    Dex:  8    Spells: 8/9 levels left

rFire   . . .        g - +0 whip
rCold   . . .        (no shield)
rNeg    + . .        a - +0 robe
rPois   ∞            (no helmet)
rElec   +            f - +0 cloak
rCorr   .            (no gloves)
SInv    .            (no boots)
Will    .....        (no amulet)
Stlth   ++           k - ring of wizardry
HPRegen 0.23/turn    (no ring)
MPRegen 0.11/turn

%: wizardry (x1)
@: no status effects
A: sickness immunity, AC +3, negative energy resistance 1, electricity
resistance, torment resistance 1, petrification resistance
a: no special abilities


You were on level 2 of the Dungeon.
You visited 1 branch of the dungeon, and saw 2 of its levels.

You collected 84 gold pieces.

Inventory:

Hand Weapons
 g - a +0 whip (weapon)
Missiles
 d - 2 throwing nets
Armour
 a - a +0 robe (worn)
 f - a +0 cloak (worn)
Jewellery
 k - a ring of wizardry (left hand)
Scrolls
 c - a scroll of amnesia {unknown}
 e - a scroll of torment {unknown}
 l - a scroll of noise {unknown}
 m - a scroll of identify {unknown}
Potions
 b - a potion of magic
 h - a potion of invisibility {unknown}
 i - a potion of curing {unknown}
 j - 2 potions of might {unknown}


   Skills:
 - Level 1.5 Dodging
 - Level 2.1 Stealth
 * Level 3.6 Spellcasting
 - Level 4.4 Conjurations


You had 8 spell levels left.
You knew the following spells:

 Your Spells              Type           Power      Damage    Failure   Level
a - Magic Dart            Conj           84%        1d7       1%          1

Your spell library contained the following spells:

 Spells                   Type           Power      Damage    Failure   Level
 Searing Ray              Conj           42%        2d6       1%          2
 Fulminant Prism          Conj/Alch      6%         3d7       21%         4
 Iskenderun's Mystic Bla  Conj/Tloc      12%        2d5       21%         4


Dungeon Overview and Level Annotations

Branches:
Dungeon (2/15)

Altars:

Shops:
D:1 !

Annotations:
D:2 Robin


Innate Abilities, Weirdness & Mutations

You are immune to sickness and miasma.
Your stone body is resilient. (AC +3)
You are immune to poison.
You resist negative energy. (rN+)
You are resistant to electric shocks. (rElec)
You are resistant to unholy torment.
You are immune to petrification.


Message History

Aim: Robin, wielding a +3 trident, wearing a +0 animal skin and wearing a +0 helmet (100% to hit)
The magic dart hits Robin.
Robin is lightly wounded.
Robin hits you from afar with a +3 trident.
Unknown command.
Casting: Magic Dart (safe; 1% risk of failure)
Confirm with . or Enter, or press ? or * to list all spells.
Aiming: Magic Dart (safe; 1% risk of failure)
Press: ? - help, Shift-Dir - straight line, f/p - Robin
Aim: Robin, wielding a +3 trident, wearing a +0 animal skin and wearing a +0 helmet (lightly wounded, 100% to hit)
The magic dart hits Robin.
Robin is heavily wounded.
Robin's horned helmet rattles.
Robin hits you from afar with a +3 trident.
Casting: Magic Dart (safe; 1% risk of failure)
Confirm with . or Enter, or press ? or * to list all spells.
Aiming: Magic Dart (safe; 1% risk of failure)
Press: ? - help, Shift-Dir - straight line, f/p - Robin
Aim: Robin, wielding a +3 trident, wearing a +0 animal skin and wearing a +0 helmet (heavily wounded, 100% to hit)
The magic dart hits Robin.
Robin is heavily wounded.
Robin hits you from afar with a +3 trident!
Casting: Magic Dart (safe; 1% risk of failure)
Confirm with . or Enter, or press ? or * to list all spells.
Aiming: Magic Dart (safe; 1% risk of failure)
Press: ? - help, Shift-Dir - straight line, f/p - Robin
Aim: Robin, wielding a +3 trident, wearing a +0 animal skin and wearing a +0 helmet (heavily wounded, 100% to hit)
The magic dart hits Robin.
Robin is severely wounded.
Robin hits you from afar with a +3 trident.
Casting: Magic Dart (safe; 1% risk of failure)
Confirm with . or Enter, or press ? or * to list all spells.
Aiming: Magic Dart (safe; 1% risk of failure)
Press: ? - help, Shift-Dir - straight line, f/p - Robin
Aim: Robin, wielding a +3 trident, wearing a +0 animal skin and wearing a +0 helmet (severely wounded, 100% to hit)
The magic dart hits Robin but does no damage.
Robin is severely wounded.
Robin hits you from afar with a +3 trident.
You die...
Robin says, "And that's why I'm the boss."

#.. ...##..........## #.#
...#............## #.#
................# #.#
#..............#
#####.#####..............#
.....................)...#
......##...)........)÷...#
.....###.#.#............##
####.#[..#.##.g.@.(..<.##
#...###.#######.#####
##.......)..# #.#
###g.#####.##..# #.#
#...## #.# .# #.# g.###
#.# # #.# ### #.# #.# ..#
#.# .# ... #.#


You could see Robin.

Vanquished Creatures
  6 ball pythons
  4 endoplasms
  A giant cockroach (D:1)
  9 goblins
  4 hobgoblins
  2 jackals (D:2)
  3 quokkas (D:1)
  4 bats
  2 frilled lizards (D:1)
  3 kobolds
  4 rats (D:1)
42 creatures vanquished.

Notes
Turn   | Place    | Note
-------+----------+-------------------------------------------
     0 | D:1      | ChickenMitten the Gargoyle Conjurer began the quest for the
                  | Orb.
     0 | D:1      | Reached XP level 1. HP: 10/10 MP: 3/3
   273 | D:1      | Reached XP level 2. HP: 15/15 MP: 0/5
   560 | D:1      | Found Fups's Distillery.
   725 | D:1      | Reached XP level 3. HP: 19/19 MP: 5/7
  1399 | D:2      | Noticed Robin
  1507 | D:2      | Slain by Robin

Illustrated notes

Levels and vault maps discovered:
D:1:      dpeg_arrival_arbitrary_a, layout_basic, serial_shops,
          nicolae_shop_industrial_runoff
D:2:      layout_rooms, uniq_robin

Skill      XL: |  1  2 |
---------------+-------+-----
Spellcasting   | 3 |  3.6
Dodging        | |  1.5
Stealth        | |  2.1
Conjurations   | |  4.4

Action                     || total
---------------------------++-------
  Melee: Unarmed           ||    13
         Whip              ||     5
   Cast: Magic Dart        ||    87
 Armour: Robe              ||    18
  Dodge: Dodged            ||    11
